 Dungeon Crawl Stone Soup version 0.29.1-13-g9f3cf754e1 (webtiles) character file.

Game seed: 1123108351607173168

106 nshep25 the Chopper (level 4, -3/41 HPs)
             Began as a Minotaur Fighter on Jan 23, 2023.
             Killed from afar by Natasha (9 damage)
             ... with a bolt of dispelling energy
             ... on level 2 of the Dungeon.
             The game lasted 00:02:03 (1602 turns).

nshep25 the Chopper (Minotaur Fighter)              Turns: 1602, Time: 00:02:04

Health: -3/41      AC:  7    Str: 23    XL:     4   Next: 55%
Magic:  3/3        EV:  9    Int:  5    God:
Gold:   65         SH:  4    Dex:  9    Spells: 3/3 levels left

rFire   . . .      SeeInvis .   a - +0 war axe
rCold   . . .      Faith    .   c - +0 buckler
rNeg    . . .      Spirit   .   b - +0 scale mail
rPois   .          Reflect  .   (helmet restricted)
rElec   .          Harm     .   (no cloak)
rCorr   .          Rampage  .   (no gloves)
Will    .....                   (no boots)
Stlth   ..........              (no amulet)
HPRegen 0.13/turn               (no ring)
MPRegen 0.08/turn               (no ring)

@: no status effects
A: horns 2, retaliatory headbutt
a: no special abilities


You were on level 2 of the Dungeon.
You visited 1 branch of the dungeon, and saw 2 of its levels.

You collected 65 gold pieces.

Inventory:

Hand Weapons
 a - a +0 war axe (weapon)
Armour
 b - a +0 scale mail (worn)
 c - a +0 buckler (worn)
Scrolls
 h - a scroll of teleportation {unknown}
 i - a scroll of identify {unknown}
 l - a scroll of fog {unknown}
 m - a scroll of amnesia {unknown}
 n - a scroll of enchant armour {unknown}
Potions
 d - a potion of might
 e - 3 potions of curing {unknown}
 f - a potion of cancellation {unknown}
 g - a potion of invisibility {unknown}
 j - 3 potions of lignification {unknown}
 k - a potion of heal wounds {unknown}


   Skills:
 + Level 4.3 Fighting
 + Level 4.4 Axes
 + Level 4.0 Armour
 + Level 1.2 Dodging
 + Level 4.0 Shields


You had 3 spell levels left.
You didn't know any spells.
Your spell library was empty.

Dungeon Overview and Level Annotations

Branches:
Dungeon (2/15)

Altars:

Annotations:
D:2 Natasha


Innate Abilities, Weirdness & Mutations

You have a pair of horns on your head.
You reflexively headbutt those who attack you in melee.


Message History

Natasha, Servant of Life and Death comes into view.
She is carrying a wand of quicksilver (4).
The jackal bites you.
Natasha hisses angrily.
You hit the jackal. You headbutt the jackal.
You kill the jackal!
Natasha casts a spell at you.
The magic dart hits you but does no damage.
Natasha barely misses you.
You slash Natasha!
Natasha is almost dead.
Natasha claws you. Natasha casts a spell at you. The magic dart hits you.
You closely miss Natasha.
Natasha is almost dead.
Natasha casts a spell at you. The magic dart hits you.
You closely miss Natasha.
Natasha is almost dead.
Natasha claws you. You block Natasha's attack.
You closely miss Natasha.
Natasha is almost dead.
Natasha claws you but does no damage.
You hit Natasha but do no damage.
Natasha is almost dead.
Natasha casts a spell at you.
The magic dart hits you but does no damage.
You closely miss Natasha. You headbutt Natasha.
You kill Natasha!
Natasha yowls pathetically as she dies!
Your Axes skill increases to level 4!
You see here the felid corpse of Natasha.
You start resting.
Natasha, Servant of Life and Death comes into view.
She is carrying a wand of quicksilver (4).
Natasha zaps a wand.
The bolt of dispelling energy hits you!
Natasha zaps a wand.
The bolt of dispelling energy hits you!!
* * * LOW HITPOINT WARNING * * *
Natasha zaps a wand.
The bolt of dispelling energy hits you!
You die...

# ##.#.##............†....##.#.#
####.#..######......###.........#
....###.# #................###
####.#..# #....#.######.#####.
#......# #...†#.# ####.####..
#.###### #......# #......##.. #>#
###.######.##.#.##.. ##.#
#.......# #...†..†. ...#
#.@####.#......##.# ####
##..####.h####.#.......#..
.......?...............###
.#..####.#####.........#
#.†$.....#.....##
#.......###...## ##.###### ##..#
.# .#


You could see Natasha.

Vanquished Creatures
  Natasha (twice) (D:2)
  2 adders (D:2)
  A dart slug (D:2)
  7 endoplasms
  A giant cockroach (D:2)
  2 goblins
  3 hobgoblins
  2 jackals (D:2)
  2 ball pythons (D:1)
  4 bats
  2 frilled lizards
  3 kobolds
  8 rats
39 creatures vanquished.

Notes
Turn   | Place    | Note
-------+----------+-------------------------------------------
     0 | D:1      | nshep25 the Minotaur Fighter began the quest for the Orb.
     0 | D:1      | Reached XP level 1. HP: 19/19 MP: 0/0
   238 | D:1      | Reached XP level 2. HP: 27/27 MP: 1/1
  1004 | D:2      | Reached XP level 3. HP: 33/33 MP: 2/2
  1347 | D:2      | Noticed Natasha
  1352 | D:2      | Killed Natasha
  1353 | D:2      | Reached skill level 1 in Dodging
  1353 | D:2      | Reached XP level 4. HP: 20/41 MP: 3/3
  1509 | D:2      | Noticed Natasha
  1519 | D:2      | Killed Natasha
  1598 | D:2      | Noticed Natasha
  1602 | D:2      | Killed from afar by Natasha

Illustrated notes

Levels and vault maps discovered:
D:1:      dpeg_arrival_ratfight, layout_basic, minmay_misc_feat_ornament
D:2:      layout_loops_cross, basic_altar, uniq_crazy_yiuf_cottage,
          uniq_sigmund, uniq_natasha

Skill      XL: |  1  2  3  4 |
---------------+-------------+-----
Fighting       | 4 |  4.3
Axes           | 3 4 |  4.4
Armour         | 4 |  4.0
Shields        | 4 |  4.0
Dodging        | 1 |  1.2

Action                   |  1- 3 |  4- 6 || total
-------------------------+-------+-------++-------
Melee: War axe           |    63 |     7 ||    70
       Headbutt          |     8 |     2 ||    10
Armor: Scale mail        |    33 |     3 ||    36
Dodge: Dodged            |    32 |     1 ||    33
Block: Buckler           |    14 |     1 ||    15
